 Dungeon Crawl Stone Soup version 0.31-a0-145-g046c7d2549 (webtiles) character file.

Game seed: 4451988389563910045

33 porpoise the Chopper (level 3, -3/33 HPs)
             Began as a Hill Orc Fighter on June 6, 2023.
             Succumbed to Terence's poison
             ... on level 2 of the Dungeon.
             The game lasted 00:04:28 (1057 turns).

porpoise the Chopper (Hill Orc Fighter)             Turns: 1057, Time: 00:04:28

Health: -3/33      AC: 10    Str: 20    XL:     3   Next: 29%
Magic:  3/3        EV:  9    Int:  8    God:
Gold:   15         SH:  4    Dex: 10    Spells: 2/2 levels left

rFire   . . .        a - +0 war axe
rCold   . . .        c - +0 buckler
rNeg    . . .        i - +0 scale mail
rPois   .            (no helmet)
rElec   .            (no cloak)
rCorr   .            (no gloves)
SInv    .            k - +2 pair of boots
Will    .....        (no amulet) Stlth
                     (no ring)
HPRegen 0.25/turn    (no ring)
MPRegen 0.08/turn

%: no passive effects
@: lethally poisoned (-3 -> -34)
A: no striking features
a: no special abilities


You were on level 2 of the Dungeon.
You visited 1 branch of the dungeon, and saw 2 of its levels.

You collected 15 gold pieces.

Inventory:

Hand Weapons
 a - a +0 war axe (weapon)
 b - a +0 sling
Armour
 c - a +0 buckler (worn)
 i - a +0 scale mail (worn)
 k - a +2 pair of boots (worn)
Scrolls
 e - a scroll of immolation {unknown}
 f - 3 scrolls of noise {unknown}
 h - a scroll of identify {unknown}
Potions
 d - 3 potions of might
 g - a potion of berserk rage {unknown}
 j - a potion of curing {unknown}
 l - a potion of invisibility {unknown}
 m - a potion of cancellation {unknown}


   Skills:
 + Level 4.2 Fighting
 * Level 4.2 Axes
 - Level 3.2 Armour
 - Level 3.2 Shields


You had 2 spell levels left.
You didn't know any spells.
Your spell library was empty.

Dungeon Overview and Level Annotations

Branches:
Dungeon (2/15)

Altars:
Fedhas

Annotations:
D:2 Terence


Message History

You start resting.
HP restored.
You see here a +0 whip.
Found a stone staircase leading down.
Found a blossoming altar of Fedhas.
You see here a +0 whip.
There is an open door here.
You now have 15 gold pieces (gained 5).
Terence the Incautious comes into view.
He is wielding a +1 short sword of venom.
You hit Terence.
Terence is moderately wounded.
Terence hits you but does no damage.
You are poisoned.
You barely miss Terence.
Terence is moderately wounded.
You feel very sick.
Terence hits you with a +1 short sword of venom.
You are more poisoned.
You closely miss Terence.
Terence is moderately wounded.
You feel very sick. Terence hits you but does no damage.
You are more poisoned.
Terence hits you with a +1 short sword of venom.
You are lethally poisoned!
Okay, then.
You hit Terence but do no damage.
Terence is moderately wounded.
You feel extremely sick. Terence hits you but does no damage.
You are more poisoned.
You closely miss Terence.
Terence is moderately wounded.
* * * LOW HITPOINT WARNING * * *
You feel extremely sick. Terence hits you but does no damage.
You are more poisoned.
You slash Terence!
Terence is almost dead.
You die...

..#
#............###.#.......#
..#
#................#########
..# #............#####
..###...........##
..##.............#
...#.###########.# ##
...#.# #.# .. .....# #.#.#
..#### #@@.# ..# ##### ..#
#################
#............#
####[...........#
................#
.........########
.........#


You could see Terence.

Vanquished Creatures
  A dart slug (D:2)
  3 ball pythons
  2 bats
  2 endoplasms
  2 goblins
  5 hobgoblins
  5 quokkas
  3 frilled lizards (D:1)
  2 kobolds (D:2)
  2 rats
27 creatures vanquished.

Notes
Turn   | Place    | Note
-------+----------+-------------------------------------------
     0 | D:1      | porpoise the Hill Orc Fighter began the quest for the Orb.
     0 | D:1      | Reached XP level 1. HP: 19/19 MP: 1/1
   132 | D:1      | Reached XP level 2. HP: 27/27 MP: 2/2
   782 | D:2      | Reached XP level 3. HP: 33/33 MP: 3/3
   906 | D:2      | Found a blossoming altar of Fedhas.
  1050 | D:2      | Noticed Terence
  1057 | D:2      | Succumbed to Terence's poison

Illustrated notes

Levels and vault maps discovered:
D:1:      spicycebolla_arrival_ecumenical, layout_basic
D:2:      layout_basic, basic_altar, small_statue_intersection,
          minmay_tetromino_s4, uniq_terence

Skill      XL: |  1  2 |
---------------+-------+-----
Axes           | 3 4 |  4.2
Fighting       | 4 |  4.2
Armour         | |  3.2
Shields        | |  3.2

Action                     || total
---------------------------++-------
  Melee: War axe           ||    69
   Fire: Sling             ||    17
 Armour: Scale mail        ||    32
  Dodge: Dodged            ||    36
  Block: Buckler           ||    20

Table legend: (Time is in decaauts)
 A = Elapsed time spent in this place.
 B = Non-inter-level travel time spent in this place.
 C = Inter-level travel time spent in this place.
 D = Time resting spent in this place.
 E = Time spent auto-exploring this place.
 F = Levels seen in this place.
 G = Mean time per level.
                   A        B        C        D        E       F      G
               +--------+--------+--------+--------+--------+-----+--------+
         Total |   1083 |   1010 |     73 |     15 |    771 |   2 |  541.5 |
       Dungeon |   1083 |   1010 |     73 |     15 |    771 |   2 |  541.5 |
               +--------+--------+--------+--------+--------+-----+--------+

Top non-repeatable levels by time:
     D:1: 739 daAuts
     D:2: 344 daAuts
